 Dungeon Crawl Stone Soup version 0.29.1-2-gbd0b4ee654 (webtiles) character file.

Game seed: 622711212529340982

59 retardedninja the Chopper (level 4, -15/40 HPs)
             Began as a Hill Orc Fighter on Nov 1, 2022.
             Demolished by an ogre
             ... wielding a +0 giant club
              (18 damage)
             ... on level 3 of the Dungeon.
             The game lasted 00:02:32 (2234 turns).

retardedninja the Chopper (Hill Orc Fighter)        Turns: 2234, Time: 00:02:32

Health: -15/40     AC: 12    Str: 20    XL:     4   Next: 3%
Magic:  4/4        EV:  5    Int:  8    God:
Gold:   88         SH:  4    Dex: 10    Spells: 3/3 levels left

rFire   . . .      SeeInvis .   a - +0 war axe
rCold   . . .      Faith    .   c - +0 buckler
rNeg    . . .      Spirit   .   q - +0 plate armour
rPois   .          Reflect  .   (no helmet)
rElec   .          Harm     .   (no cloak)
rCorr   .          Rampage  .   f - +0 pair of gloves
Will    .....                   (no boots)
Stlth   ..........              (no amulet)
HPRegen 0.13/turn               (no ring)
MPRegen 0.09/turn               (no ring)

@: mighty
A: no striking features
a: no special abilities


You were on level 3 of the Dungeon.
You visited 1 branch of the dungeon, and saw 4 of its levels.

You collected 88 gold pieces.

Inventory:

Hand Weapons
 a - a +0 war axe (weapon)
Armour
 b - a +0 scale mail
 c - a +0 buckler (worn)
 f - a +0 pair of gloves (worn)
 q - a +0 plate armour (worn)
Jewellery
 k - a ring of poison resistance
 r - a ring of flight
 s - a ring of protection from fire
Scrolls
 e - 2 scrolls of butterflies {unknown}
 h - a scroll of enchant armour {unknown}
 j - a scroll of vulnerability {unknown}
 m - a scroll of fear {unknown}
 o - a scroll of magic mapping {unknown}
 p - a scroll of summoning {unknown}
 t - a scroll of enchant weapon {unknown}
Potions
 g - a potion of heal wounds {unknown}
 i - 2 potions of flight {unknown}
 l - 2 potions of curing {unknown}
 n - a potion of attraction {unknown}
 u - a potion of invisibility


   Skills:
 + Level 4.0 Fighting
 + Level 4.4 Axes
 + Level 3.7 Armour
 + Level 0.2 Dodging
 + Level 0.1 Stealth
 + Level 3.5 Shields


You had 3 spell levels left.
You didn't know any spells.
Your spell library was empty.

Dungeon Overview and Level Annotations

Branches:
Dungeon (4/15)
 Temple: D:4-7

Altars:


Message History

Found a stone staircase leading up.
Key pressed, stopping explore.
Found a rapier.
Found a stone staircase leading up.
Found a robe.
There is a stone staircase leading up here.
Key pressed, stopping explore.
A ball python comes into view.
The ball python hisses angrily.
A ball python is nearby!
A ball python is nearby!
A ball python is nearby!
A ball python is nearby!
An ogre comes into view. It is wielding a +0 giant club.
The ogre shouts!
You barely miss the ball python.
The ball python bites you but does no damage.
The ball python grabs you. The ball python constricts you.
You hit the ball python.
The ball python is severely wounded.
You block the ball python's attack. The ball python constricts you.
The ball python bites you but does no damage.
The ball python constricts you.
You hit the ball python but do no damage.
The ball python is severely wounded.
The ball python bites you but does no damage.
The ball python constricts you. The ball python bites you.
The ball python constricts you.
You hit the ball python.
You kill the ball python!
You hit the ogre.
The ogre hits you with a +0 giant club!!
Ouch! That really hurt!
You feel very mighty all of a sudden. The ogre hits you with a +0 giant club!
* * * LOW HITPOINT WARNING * * *
You barely miss the ogre.
The ogre is moderately wounded.
The ogre hits you with a +0 giant club!!
You die...

#.##.#########..# #.##.#
#<#..# #.##.# #.#..#
#.##.# #.#..##
#.######.##.#######.#....
#.........#............##
########..#########......
#..# #...... #@.# #......
#.....O# #...... #.####.#
#...... .# ####### .# .#
.. ..


You could see an ogre.

Vanquished Creatures
  3 adders
  A dart slug (D:2)
  5 ball pythons
  4 bats
  3 endoplasms
  5 goblins
  2 hobgoblins
  4 kobolds (D:1)
  2 frilled lizards (D:1)
  2 rats (D:1)
31 creatures vanquished.

Notes
Turn   | Place    | Note
-------+----------+-------------------------------------------
     0 | D:1      | retardedninja the Hill Orc Fighter began the quest for the
                  | Orb.
     0 | D:1      | Reached XP level 1. HP: 19/19 MP: 1/1
   231 | D:1      | Reached XP level 2. HP: 23/27 MP: 2/2
  1156 | D:2      | Reached XP level 3. HP: 17/33 MP: 3/3
  1702 | D:2      | You fall into a shaft and drop 2 floors!
  1941 | D:4      | Noticed an ogre
  2081 | D:3      | Found a faded altar of an unknown god.
  2116 | D:3      | Reached XP level 4. HP: 34/40 MP: 4/4
  2227 | D:3      | Noticed an ogre
  2234 | D:3      | Demolished by an ogre

Illustrated notes

Levels and vault maps discovered:
D:1:      lightli_arrival_farm, layout_basic, bh_walls_and_bars
D:2:      minmay_wonky_spiral, layout_basic, minmay_tetromino_o4
D:3:      layout_basic, shapermc_ecumenical_altar_gd
D:4:      minmay_clustersquares, layout_rooms, nicolae_ru_awakened_eye

Skill      XL: |  1  2  3 |
---------------+----------+-----
Axes           | 3 4 |  4.4
Fighting       | 4 |  4.0
Armour         | |  3.7
Dodging        | |  0.2
Stealth        | |  0.1
Shields        | |  3.5

Action                   |  1- 3 |  4- 6 || total
-------------------------+-------+-------++-------
Melee: War axe           |   110 |     8 ||   118
  Use: Potion            |       |     1 ||     1
Armor: Scale mail        |    60 |       ||    60
       Plate armour      |     5 |     5 ||    10
       Skin              |     1 |       ||     1
Dodge: Dodged            |    52 |       ||    52
Block: Buckler           |    33 |     2 ||    35
